 Dungeon Sprint DCSS version 0.19.0-24-gb05acd6 (webtiles) character file.

956 igo the Zephyrmancer (level 8, -2/37 HPs)
             Began as a Vine Stalker Air Elementalist on Nov 22, 2016.
             Was a High Priest of Sif Muna.
             Slain by a red ugly thing (13 damage)
             ... in the Dungeon (Sprint IX: "|||||||||||||||||||||||||||||").
             The game lasted 00:06:22 (262 turns).

igo the Zephyrmancer (Vine Stalker Air Elementalist) Turns: 262, Time: 00:06:22

Health: -2/37      AC:  2    Str: 10    XL:     8   Next: 14%
Magic:  0/23       EV: 14    Int: 20    God:    Sif Muna [*****.]
Gold:   0          SH:  0    Dex: 16    Spells: 4 memorised, 17 levels left

rFire  . . .     SeeInvis .     o - +2 halberd (protect)
rCold  . . .     Gourm    .     a - +0 robe
rNeg   . . .     Faith    .     (shield currently unavailable)
rPois  .         Spirit   +     (no helmet)
rElec  .         Reflect  .     (no cloak)
rCorr  .         Harm     .     (no gloves)
MR     +....     NoTele   +     (no boots)
Stlth  ++........               (no amulet)
                                r - +2 ring of evasion
                                q - +3 ring of intelligence

@: no status effects
A: fangs 3, regeneration 1, magic shield, antimagic bite, no device heal 3, rot
immunity
a: Divine Energy, Channel Magic, Forget Spell, Renounce Religion


You were in the Dungeon.
You worshipped Sif Muna.
Sif Muna was extremely pleased with you.
You were very hungry.

You visited 1 branch

Inventory:

Hand Weapons
 o - a +2 halberd of protection (weapon)
Armour
 a - a +0 robe (worn)
 p - a +0 helmet
Magical Staves
 n - an uncursed staff of energy
Jewellery
 q - a +3 ring of intelligence (left hand)
 r - a +2 ring of evasion (right hand)
Wands
 m - a wand of iceblast (7/15)
Scrolls
 i - 2 scrolls of blinking
 k - 3 scrolls of remove curse
 l - 2 scrolls of amnesia
Potions
 d - 5 potions of curing
 e - 3 potions of heal wounds
 f - a potion of invisibility
 g - 2 potions of magic
 h - a potion of berserk rage
Books
 b - a book of Air

   Spells                             Type                      Level
   a - Shock                          Conjuration/Air              1
   b - Swiftness                      Charms/Air                   2
   c - Repel Missiles                 Charms/Air                   2
   d - Static Discharge               Conjuration/Air              3
   e - Lightning Bolt                 Conjuration/Air              5
 c - Sif Muna's Collected Works on Boosting Necromancy
   (Sif Muna gifted it to you in the Dungeon)

   Spells                             Type                      Level
   a - Repel Missiles                 Charms/Air                   2
   b - Sublimation of Blood           Necromancy                   2
   c - Cigotuvi's Embrace             Necromancy                   5
   d - Haunt                          Necromancy/Summoning         7
   e - Infestation                    Necromancy                   8
Comestibles
 j - 2 chunks of flesh


   Skills:
 + Level 1.0 Fighting
 + Level 0.8 Armour
 + Level 1.9 Dodging
 - Level 2.4 Stealth
 - Level 10.1 Spellcasting
 - Level 10.0 Conjurations
 - Level 10.3 Air Magic
 * Level 1.6 Invocations


You had 17 spell levels left.
You knew the following spells:

 Your Spells              Type           Power        Failure   Level  Hunger
a - Shock                 Conj/Air       ####         1%          1    None
b - Repel Missiles        Chrm/Air       ####..       1%          2    None
c - Swiftness             Chrm/Air       ####....     1%          2    None
d - Lightning Bolt        Conj/Air       ######....   3%          5    ####...


Dungeon Overview and Level Annotations

Branches:
Dungeon (1/1)

Altars:
Cheibriados
Dithmenos
Elyvilon
Fedhas
Gozag
Hepliaklqana
Kikubaaqudgha
Makhleb
Nemelex Xobeh
Okawaru
Qazlal
Ru
Sif Muna
Trog
Uskayaw
Vehumet
Xom
Yredelemnul
Zin
The Shining One
Beogh
Jiyva
Lugonu


Innate Abilities, Weirdness & Mutations

You have razor-sharp teeth.
Your natural rate of healing is unusually fast.
When hurt, damage is shared between your health and your magic reserves.
Your bite disrupts and absorbs the magic of your enemies.
Potions and wands cannot restore your health.
You are immune to rotting.


Message History

Press: ? - help, Shift-Dir - straight line, f/p - red ugly thing
Aim: a red ugly thing (heavily wounded)
You hear a mighty clap of thunder!
The bolt of lightning hits the red ugly thing.
The red ugly thing is almost dead.
The bolt of lightning hits the quasit.
You kill the quasit!
The bolt of lightning hits the kobold demonologist.
The kobold demonologist is almost dead.
The bolt of lightning misses the troll.
The bolt of lightning hits the ogre.
The ogre is heavily wounded.
The red ugly thing pecks you.
You are engulfed in flames!!
You fail to use your ability.
The red ugly thing closely misses you.
Unknown command.
You are feeling very hungry.
The kobold demonologist looks satisfied for a moment.
The red ugly thing pecks you!
* * * LOW HITPOINT WARNING * * *
You are engulfed in flames!
You die...

▓.▓
▓.▓
▓'▓
▓)▓
▓)▓
▓)▓
▓.▓
▓)▓
▓@▓
▓u▓
▓K▓
▓T▓
▓O▓
▓.▓
▓.▓
▓.▓


You could see a red ugly thing, a kobold demonologist, a troll and an ogre.

Vanquished Creatures
  A hill giant (D)
  A hungry ghost (D)
  An orc warrior (D)
  An eye of draining (D)
  A centaur (D)
  A big kobold (D)
  A howler monkey (D)
  2 adders (D)
  2 orcs (D)
  A goblin (D)
  2 bats (D)
  A giant cockroach zombie (D)
  A leopard gecko zombie (D)
  2 rats (D)
18 creatures vanquished.

Notes
Turn   | Place    | Note
-------+----------+-------------------------------------------
     0 | D        | igo the Vine Stalker Air Elementalist began the quest for the Orb.
     0 | D        | Reached XP level 1. HP: 9/9 MP: 4/4
    40 | D        | Noticed a howler monkey
    43 | D        | Reached XP level 2. HP: 13/13 MP: 1/7
    47 | D        | Reached XP level 3. HP: 9/16 MP: 7/9
    48 | D        | Reached skill level 5 in Air Magic
    48 | D        | Gained mutation: Your natural rate of healing is unusually fast. [Vine Stalker growth]
    48 | D        | Reached XP level 4. HP: 12/21 MP: 6/11
    52 | D        | Learned a level 2 spell: Repel Missiles
    55 | D        | Learned a level 2 spell: Swiftness
    61 | D        | Found a roughly hewn altar of Beogh.
    61 | D        | Found a snail-covered altar of Cheibriados.
    61 | D        | Found a shadowy altar of Dithmenos.
    61 | D        | Found a white marble altar of Elyvilon.
    61 | D        | Found a blossoming altar of Fedhas.
    61 | D        | Found an opulent altar of Gozag.
    62 | D        | Found a hazy altar of Hepliaklqana.
    63 | D        | Found a viscous altar of Jiyva.
    64 | D        | Found an ancient bone altar of Kikubaaqudgha.
    65 | D        | Found a corrupted altar of Lugonu.
    66 | D        | Found a burning altar of Makhleb.
    67 | D        | Found a sparkling altar of Nemelex Xobeh.
    68 | D        | Found an iron altar of Okawaru.
    69 | D        | Found a stormy altar of Qazlal.
    70 | D        | Found a sacrificial altar of Ru.
    71 | D        | Found a deep blue altar of Sif Muna.
    72 | D        | Found a bloodstained altar of Trog.
    73 | D        | Found a hide-covered altar of Uskayaw.
    74 | D        | Found a radiant altar of Vehumet.
    75 | D        | Found a shimmering altar of Xom.
    76 | D        | Found a basalt altar of Yredelemnul.
    77 | D        | Found a glowing silver altar of Zin.
    78 | D        | Found a glowing golden altar of the Shining One.
    79 | D        | Became a worshipper of Sif Muna the Loreminder
   112 | D        | Noticed a hungry ghost
   112 | D        | Noticed an orc warrior
   112 | D        | Noticed a hill giant
   112 | D        | Noticed a centaur
   112 | D        | Noticed a big kobold
   118 | D        | Killed a centaur
   118 | D        | Reached * piety under Sif Muna
   118 | D        | Reached skill level 5 in Conjurations
   118 | D        | Reached XP level 5. HP: 24/24 MP: 5/14
   120 | D        | Killed a big kobold
   120 | D        | Reached ** piety under Sif Muna
   127 | D        | Killed an orc warrior
   127 | D        | Reached XP level 6. HP: 28/28 MP: 13/17
   131 | D        | Killed a hill giant
   131 | D        | Reached *** piety under Sif Muna
   131 | D        | Reached **** piety under Sif Muna
   131 | D        | Reached skill level 10 in Air Magic
   131 | D        | Reached XP level 7. HP: 28/32 MP: 9/21
   144 | D        | Killed a hungry ghost
   144 | D        | Reached ***** piety under Sif Muna
   144 | D        | Identified Sif Muna's Collected Works on Boosting Necromancy (Sif Muna gifted it to you in the Dungeon)
   144 | D        | Received a gift from Sif Muna
   144 | D        | Reached skill level 10 in Spellcasting
   144 | D        | Reached skill level 10 in Conjurations
   144 | D        | Gained mutation: You have razor-sharp teeth. [Vine Stalker growth]
   144 | D        | Reached XP level 8. HP: 24/36 MP: 4/23
   153 | D        | Learned a level 5 spell: Lightning Bolt
   257 | D        | Noticed a red ugly thing
   257 | D        | Noticed a kobold demonologist
   257 | D        | Noticed a troll
   259 | D        | Reached skill level 1 in Fighting
   259 | D        | Reached skill level 1 in Invocations
   262 | D        | Slain by a red ugly thing

Skill      XL: |  1  2  3  4  5  6  7  8 |
---------------+-------------------------+-----
Conjurations   | 2 3 4 5 7 9 10 | 10.0
Spellcasting   | 3 4 6 7 9 10 | 10.1
Air Magic      | 4 5 6 8 10 | 10.3
Fighting       | 1 |  1.0
Invocations    | 1 |  1.6
Armour         | |  0.8
Dodging        | |  1.9
Stealth        | |  2.4

Action                   |  1- 3 |  4- 6 |  7- 9 || total
-------------------------+-------+-------+-------++-------
Melee: Halberd           |       |       |     6 ||     6
       Bite              |       |       |     1 ||     1
 Cast: Shock             |     7 |    18 |     4 ||    29
       Lightning Bolt    |       |       |     3 ||     3
Invok: Channel Magic     |       |       |     1 ||     1
  Use: Potion            |     2 |     1 |       ||     3
  Eat: Bread ration      |       |       |     1 ||     1
       Chunk             |       |       |     1 ||     1
Armor: Robe              |     1 |     2 |     2 ||     5
Dodge: Dodged            |     2 |    11 |    10 ||    23
